Map: Tokamak LE

Players

LigerMaNN

  • Race: Zerg Zerg
  • League: Diamond
  • Spawn Location: 7:00

improviser - Winner!

  • Race: Terran Terran
  • League: Diamond
  • Spawn Location: 1:00

VOD

Have the link to the VOD?

Description

Time

  • Played on: June 26, 2025, 4:34 a.m.
  • Length: 8:51
Show
View Real Time Build Order
Export as new Build Order

LigerMaNN Zerg 

Build Orders: Hatch First 

Get SALT Encoding   

  12  0:01  Drone  
  13  0:12  Overlord  
  13  0:31  Drone  
  13  0:32  Drone x2  
  16  0:48  Hatchery  
  15  0:52  Drone  
  15  0:55  Drone  
  18  1:04  Drone  
  18  1:10  Extractor  
  17  1:17  Spawning Pool  
  16  1:19  Drone  
  17  1:25  Drone  
  18  1:36  Drone  
  19  1:47  Drone  
  20  1:57  Overlord  
  20  2:13  Queen x2  
  24  2:17  Drone x2  
  24  2:19  Zergling x2  
  27  2:24  Hatchery  
  26  2:31  Metabolic Boost  
  26  2:34  Drone  
  26  2:35  Drone  
  28  2:45  Drone x3  
  28  2:48  Overlord  
  30  3:05  Drone x4  
  34  3:12  Roach Warren  
  34  3:14  Queen  
  35  3:29  Drone  
  35  3:30  Drone x3  
  40  3:34  Drone  
  40  3:42  Zergling x10  
  45  3:57  Drone x3  
  45  3:58  Extractor  
  46  4:25  Drone x3  
  46  4:29  Overlord x6  
  49  4:34  Lair  
  49  4:39  Evolution Chamber  
  49  4:40  Evolution Chamber  
  49  4:43  Roach  
  49  4:48  Queen  
  49  4:49  Queen  
  53  4:59  Drone x10  
  63  5:09  Zerg Melee Weapons Level 1  
  63  5:10  Zerg Ground Armor Level 1  
  63  5:13  Drone x4  
  63  5:14  Baneling Nest  
  66  5:16  Overlord  
  66  5:30  Drone x2  
  66  5:33  Drone x3  
  71  5:42  Zergling x16  
  79  5:47  Hatchery  
  78  5:54  Queen  
  78  5:55  Queen  
  82  6:09  Centrifugal Hooks  
  82  6:10  Zergling x6  
  82  6:11  Zergling x12, Hydralisk Den  
  90  6:26  Extractor  
  90  6:27  Extractor  
  88  6:43  Baneling x7  
  88  6:44  Baneling x5  
  88  6:53  Drone x4  
  90  7:06  Drone x6  
  96  7:21  Extractor  
  96  7:22  Overseer, Extractor  
  94  7:25  Drone  
  94  7:26  Drone x3  
  94  7:27  Overlord x4  
  94  7:28  Overlord x4  
  96  7:50  Drone x11  
  103  8:03  Drone x9  
  85  8:37  Drone x4  
  85  8:38  Drone x6  
  85  8:39  Drone x2  
Show
View Real Time Build Order
Export as new Build Order

improviser Terran - Winner!

Build Orders:  

Get SALT Encoding   

  12  0:00  SCV  
  13  0:16  SCV  
  13  0:18  Supply Depot  
  14  0:29  SCV  
  15  0:41  SCV  
  15  0:42  Barracks  
  16  0:49  Refinery  
  16  0:53  SCV  
  17  1:06  SCV  
  18  1:18  SCV  
  19  1:26  Command Center  
  19  1:30  SCV  
  20  1:42  SCV  
  21  1:49  Reaper  
  22  1:55  Bunker  
  22  1:56  Orbital Command  
  22  2:12  Supply Depot  
  22  2:21  Marine  
  23  2:27  Factory  
  23  2:34  SCV  
  24  2:39  Orbital Command  
  24  2:42  Refinery  
  24  2:44  Barracks Reactor  
  24  2:46  SCV  
  25  3:01  SCV  
  26  3:11  SCV  
  27  3:13  SCV  
  27  3:14  Widow Mine  
  30  3:23  SCV  
  30  3:24  Reaper  
  30  3:25  Starport  
  32  3:30  SCV  
  32  3:32  Command Center  
  33  3:35  SCV  
  33  3:37  Hellion  
  36  3:54  Marine  
  37  3:56  SCV  
  37  3:59  Hellion, SCV  
  37  4:01  Viking  
  43  4:09  SCV  
  44  4:11  SCV  
  44  4:21  SCV  
  44  4:23  SCV, Widow Mine  
  46  4:33  Barracks  
  46  4:34  Barracks  
  46  4:35  Supply Depot  
  46  4:43  Marine x2  
  46  4:44  SCV x2  
  52  4:48  Factory Tech Lab  
  50  4:52  Orbital Command  
  50  4:56  Supply Depot, SCV x2  
  52  5:01  Marine x2, Engineering Bay  
  52  5:02  Engineering Bay  
  54  5:08  Supply Depot, SCV x2  
  54  5:13  Starport Tech Lab  
  56  5:19  Supply Depot, Marine  
  56  5:20  SCV x2  
  59  5:24  Fusion Core  
  59  5:27  Barracks Tech Lab x2  
  59  5:32  Refinery, SCV x2  
  59  5:33  Refinery, Supply Depot  
  61  5:38  Cloaking Field, Banshee  
  61  5:39  Supply Depot  
  61  5:41  Orbital Command  
  64  5:44  SCV x2  
  66  5:52  Terran Infantry Weapons Level 1  
  66  5:54  Supply Depot  
  66  5:56  SCV x2  
  68  5:59  Marine x4  
  72  6:08  SCV x3  
  75  6:17  Marine x4  
  79  6:20  SCV x3  
  82  6:29  Battlecruiser  
  82  6:32  SCV  
  89  6:33  SCV x2  
  89  6:34  Marine  
  89  6:35  Marauder x2, Marine  
  95  6:40  Widow Mine  
  95  6:42  Factory  
  95  6:44  SCV  
  95  6:45  SCV x2  
  100  6:52  Marine  
  97  6:56  SCV  
  97  6:57  Marauder, SCV x2  
  97  7:00  Barracks x2  
  102  7:01  Bunker  
  102  7:02  Barracks, Widow Mine  
  102  7:04  Marine x2  
  102  7:06  Bunker  
  106  7:08  SCV  
  106  7:09  SCV x2  
  109  7:17  Combat Shield  
  109  7:18  Marauder  
  109  7:20  SCV  
  109  7:21  SCV  
  109  7:22  Marauder  
  115  7:24  Marine x2  
  117  7:47  Supply Depot  
  117  7:48  Supply Depot  
  117  7:50  Supply Depot  
  117  8:07  Marine, SCV x2  
  117  8:08  Marine x3, Siege Tank, Medivac  
  111  8:19  SCV x2  
  113  8:24  Marine  
  113  8:25  Marine x2  
  113  8:26  Marine  
  117  8:31  Command Center, SCV x2  
  117  8:32  Command Center  
Tags
 
Matchup
TvZ
Replay Pack
June 2025
Spawn Locations
Cross Positions
Add a new tag
Caveats
  • Supply blocks, unpowered buildings, or Contaminate may cause inaccurate times.
  • Supply counts are checked every 10 seconds.